 Dungeon Crawl Stone Soup version 0.21.1-1-g345015f (webtiles) character file.

20 letownia2 the Conjurer (level 2, -4/15 HPs)
             Began as a Tengu Wizard on Mar 8, 2018.
             Killed by nerve-wracking pain
             ... invoked by Menkaure
              (9 damage)
             ... on level 4 of the Dungeon.
             The game lasted 00:03:48 (563 turns).

letownia2 the Conjurer (Tengu Wizard)                Turns: 563, Time: 00:03:49

Health: -4/15      AC:  2    Str:  7    XL:     2   Next: 79%
Magic:  7/7        EV: 12    Int: 18    God:
Gold:   66         SH:  0    Dex: 12    Spells: 4/7 levels left

rFire    . . .     SeeInvis .   (no weapon)
rCold    . . .     Gourm    .   (no shield)
rNeg     . . .     Faith    .   a - +0 robe
rPois    .         Spirit   .   b - +0 hat
rElec    .         Reflect  .   (no cloak)
rCorr    .         Harm     .   (no gloves)
MR       .....                  (boots unavailable)
Stlth    ++........             (no amulet)
HPRegen  0.05/turn              (no ring)
MPRegen  0.10/turn              (no ring)

@: no status effects
A: beak, talons 3
a: no special abilities


You were on level 4 of the Dungeon.
You were not hungry.

You visited 1 branch of the dungeon, and saw 5 of its levels.

You collected 66 gold pieces.

Inventory:

Missiles
 e - 3 tomahawks (quivered)
Armour
 a - a +0 robe (worn)
 b - a +0 hat (worn)
Scrolls
 g - 3 scrolls of remove curse {unknown}
 h - 2 scrolls of identify {unknown}
 l - a scroll of noise {unknown}
Potions
 f - a potion of magic {unknown}
 i - a potion of berserk rage {unknown}
 j - 2 potions of agility {unknown}
 k - 2 potions of heal wounds {unknown}
Books
 c - a book of Minor Magic

   Spells                             Type                      Level
   a - Magic Dart                     Conjuration                  1
   b - Blink                          Translocation                2
   c - Call Imp                       Summoning                    2
   d - Slow                           Hexes                        2
   e - Conjure Flame                  Conjuration/Fire             3
   f - Mephitic Cloud                 Conjuration/Poison/Air       3
Comestibles
 d - 3 rations


   Skills:
 - Level 2.1 Dodging
 - Level 2.0 Stealth
 - Level 3.0 Spellcasting
 + Level 3.6 Conjurations
 - Level 1.2 Summonings
   Level 0.7 Translocations


You had 4 spell levels left.
You knew the following spells:

 Your Spells              Type           Power        Failure   Level  Hunger
a - Magic Dart            Conj           ###.         3%          1    None
i - Call Imp              Summ           #.......     16%         2    ##.....


Dungeon Overview and Level Annotations

Branches:
Dungeon (5/15)
 Temple: D:4-7

Altars:
Nemelex Xobeh
The Shining One

Annotations:
D:4 Menkaure; Sigmund; bmj180's ghost, amateur HaFi


Innate Abilities, Weirdness & Mutations

You have a beak for a mouth.
You have claws for feet.


Message History

There is a stone staircase leading down here.
Unknown command.
You now have 66 gold pieces (gained 11).
Bmj180's ghost (amateur Halfling Fighter) comes into view.
Bmj180's ghost turns its malevolent gaze towards you.
Found a ring mail.
An orc comes into view.
It is wielding a falchion of holy wrath.
An orc priest comes into view. It is wielding a short sword.
The orc priest shouts!
An orc comes into view. It is wielding a club.
Found a glowing golden altar of the Shining One.
Menkaure, Prince of Dust comes into view.
Menkaure shouts!
The orc priest calls down the wrath of Beogh upon you.
Beogh smites you!
Ouch! That really hurt!
Menkaure gestures at you while chanting.
Pain shoots through your body!
Ouch! That really hurt!
You die...

..## ##..######### .##
##.o........
##..#..##..######
#..#.#..##...### .#._.#.
###...# ..#.#..
#...#W#####.#.#
##..#..+#..###.M.......#
.##...##..# ###.###...
..# #..# #@# #...# ...
#... #.# #...# # ##. ...
#.# #...# .# .#
#.###...##.# #..
.......# ### ......
#.######..#######
#.#..............
#.#.####..######


You could see Menkaure and bmj180's ghost.

Vanquished Creatures
  A leopard gecko (D:2)
  2 bats
  3 giant cockroaches
  2 goblins (D:1)
  3 hobgoblins
  A quokka (D:2)
  2 frilled lizards
  2 kobolds (D:1)
16 creatures vanquished.

Notes
Turn   | Place    | Note
-------+----------+-------------------------------------------
     0 | D:1      | letownia2 the Tengu Wizard began the quest for the Orb.
     0 | D:1      | Reached XP level 1. HP: 10/10 MP: 5/5
   149 | D:1      | Reached XP level 2. HP: 15/15 MP: 0/7
   184 | D:2      | Learned a level 2 spell: Call Imp
   266 | D:2      | Found a sparkling altar of Nemelex Xobeh.
   327 | D:5      | Entered Level 5 of the Dungeon
   378 | D:4      | Noticed Sigmund
   389 | D:5      | Noticed a sky beast
   525 | D:4      | Noticed bmj180's ghost (amateur HaFi)
   545 | D:4      | Found a glowing golden altar of the Shining One.
   559 | D:4      | Noticed Menkaure
   563 | D:4      | Killed from afar by Menkaure

Skill      XL: |  1  2 |
---------------+-------+-----
Conjurations   | 2 3 |  3.6
Dodging        | |  2.1
Stealth        | |  2.0
Spellcasting   | |  3.0
Summonings     | |  1.2
Translocations | |  0.7

Action                   || total
-------------------------++-------
Melee: Unarmed           ||    30
       Kick              ||     3
       Peck              ||     3
Throw: Tomahawk          ||     1
 Cast: Magic Dart        ||    30
 Stab: Sleeping          ||     1
Armor: Robe              ||     4
Dodge: Dodged            ||    27
